 Dungeon Crawl Stone Soup version 0.31-a0-818-ge7c7cf74f0 (webtiles) character file.

Game seed: 15941002317723837576

2710 Kurtz the Cleaver (level 9, 0/61 HPs)
             Began as an Octopode Fighter on Sept 22, 2023.
             Was a Believer of Okawaru.
             Slain by a yak (9 damage)
             ... on level 7 of the Dungeon.
             The game lasted 00:09:29 (7137 turns).

Kurtz the Cleaver (Octopode Fighter)                Turns: 7137, Time: 00:09:29

Health: 0/61       AC:  1    Str: 17    XL:     9   Next: 66%
Magic:  20/20      EV: 17    Int: 10    God:    Okawaru [**....]
Gold:   125        SH:  5    Dex: 14    Spells: 8/8 levels left

rFire   . . .        E - +3 flail (drain)
rCold   . . .        t - orb {*Rage}
rNeg    . . .        (helmet restricted)
rPois   .            e - amulet of reflection
rElec   .            o - ring of magical power
rCorr   .            (no ring)
SInv    .            (no ring)
Will    .....        (no ring)
Stlth   ++++         (no ring)
HPRegen 0.30/turn    (no ring)
MPRegen 0.17/turn    (no ring)
                     (no ring)

%: random rage (20%), reflection
@: heroic, on berserk cooldown, slowed, very slow
A: almost no armour, amphibious, 8 rings, camouflage 1, gelatinous body 1,
(nimble swimmer 1), tentacles
a: Renounce Religion, Heroism


You were on level 7 of the Dungeon.
You worshipped Okawaru.
Okawaru was pleased with you.
You visited 2 branches of the dungeon, and saw 8 of its levels.

You collected 202 gold pieces.
You spent 77 gold pieces at shops.

Inventory:

Hand Weapons
 a - a +0 war axe
 E - a +3 flail of draining (weapon)
Missiles
 y - 4 curare-tipped darts (quivered)
Armour
 b - a +0 buckler
 t - an orb of wrath (worn)
Jewellery
 e - an amulet of reflection (around mantle)
 o - a ring of magical power (left tentacle)
Talismans
 x - a granite talisman
Wands
 r - a wand of digging (8)
 D - a wand of mindburst (18)
 F - a wand of light (7)
 G - a wand of flame (13)
 H - a wand of polymorph (8)
Scrolls
 d - 5 scrolls of blinking
 f - 5 scrolls of identify
 i - 6 scrolls of teleportation {unknown}
 k - 2 scrolls of amnesia {unknown}
 u - a scroll of poison {unknown}
 w - a scroll of revelation {unknown}
 z - 3 scrolls of enchant weapon {unknown}
 A - a scroll of brand weapon {unknown}
Potions
 c - a potion of might
 g - 2 potions of resistance {unknown}
 h - a potion of heal wounds {unknown}
 j - a potion of attraction {unknown}
 l - a potion of magic {unknown}
 m - 3 potions of brilliance
 n - 2 potions of haste {unknown}
 p - 2 potions of berserk rage {unknown}
 q - a potion of enlightenment {unknown}
 s - a potion of mutation {unknown}
 B - a potion of cancellation {unknown}
 C - a potion of invisibility {unknown}


   Skills:
 * Level 5.5(10.5) Fighting
 * Level 10.9(15.9) Axes
 * Level 4.6(9.6) Dodging
 + Level 3.6(8.6) Shields
 * Level 3.4 Invocations


You had 8 spell levels left.
You didn't know any spells.
Your spell library contained the following spells:

 Spells                   Type           Power      Damage    Failure   Level
 Cigotuvi's Dreadful Rot  Necr/Pois/Air  0%         N/A       50%         2
 Ignite Poison            Fire/Tmut/Pois 0%         N/A       75%         3
 Freezing Cloud           Conj/Ice/Air   0%         6-21      100%        5


Dungeon Overview and Level Annotations

Branches:
Dungeon (7/15)             Temple (1/1) D:4

Altars:
Cheibriados
Dithmenos
Elyvilon
Fedhas
Gozag
Kikubaaqudgha
Makhleb
Nemelex Xobeh
Okawaru
Qazlal
Ru
Sif Muna
Trog
Vehumet
Wu Jian
Xom
Yredelemnul

Shops:
D:3 :   D:4 !   D:5 [   D:6 :

Annotations:
D:4 exclusion: downstairs
D:5 3 runed translucent doors, verda's ghost, amateur GrBe


Innate Abilities, Weirdness & Mutations

You cannot wear most types of armour.
You are amphibious.
You can wear up to eight rings at the same time.
Your skin changes colour to match your surroundings (Stealth+).
Your rubbery body absorbs attacks. (AC +1, EV +1)
((You are camouflaged when in or above water. (Stealth+)))
You have tentacles for arms and can constrict up to eight enemies at once.


Message History

You see here a yak corpse.
You barely miss the jelly. The jelly barely misses you.
You thump the jelly!
Your tentacles burn!
* * * LOW HITPOINT WARNING * * *
You squeeze the jelly!
The jelly is almost dead.
The jelly hits you.
* * * LOW HITPOINT WARNING * * *
You are splashed with acid!
* * * LOW HITPOINT WARNING * * *
You bludgeon the jelly!!
You kill the jelly!
Okawaru accepts your kill.
You sock the yak!
The yak is moderately wounded.
The yak misses you.
Unknown command.
You sock the yak! You drain the yak. You squeeze the yak!
The yak is almost dead.
You sock the yak!
You kill the yak!
Okawaru accepts your kill. You block the yak's attack.
The orc wizard points at you and mumbles some strange words.
You are confused.
Unknown command.
You are no longer berserk.
You are exhausted.
You feel yourself slow down.
You are too confused!
Unknown command.
You feel better. The yak gores you!
* * * LOW HITPOINT WARNING * * *
The yak barely misses you.
Unknown command.
As you read the scroll labelled YTRIWN KOFEFOC, it crumbles to dust.
It is a scroll of identify.
d - 5 scrolls of blinking The yak gores you!
You die...

#..........# #.#
#..........#####.#
#................#
#.....#..........#
#....##..........#
###..............#
...............###
#......#######
#....@.##.#
..###...YYo)..#
........o†###.#
.###...Y## .#
..###....# ..
....'....# .##
#.###....# .#
.......).# .#
.......### .#


You could see 3 yaks, an orc wizard and an orc.

Vanquished Creatures
  Grinder (D:6)
  3 yaks (D:7)
  A steam dragon (D:6)
  Edmund (D:6)
  2 water moccasins
  An ogre (D:4)
  2 black bears
  A phantom (D:5)
  2 kobold brigands
  A gnoll sergeant (D:5)
  3 bullfrogs
  A howler monkey (D:7)
  3 hounds
  4 jellies
  An orc priest (D:7)
  A gnoll bouda (D:6)
  Terence (D:3)
  2 sleepcaps
  5 iguanas
  An orc wizard (D:7)
  Natasha (D:3)
  10 gnolls
  10 adders
  A shadow imp (D:5)
  A white imp (D:6)
  An ufetubus (D:3)
  A worm (D:2)
  3 dart slugs
  11 orcs
  8 ball pythons
  6 bats
  5 endoplasms
  4 giant cockroaches
  4 goblins
  10 hobgoblins
  14 kobolds
  7 quokkas
  2 frilled lizards (D:1)
  4 rats
140 creatures vanquished.

Vanquished Creatures (others)
  An iguana (D:4)
  An orc (D:4)
  2 ball pythons (D:4)
4 creatures vanquished.

Grand Total: 144 creatures vanquished

Notes
Turn   | Place    | Note
-------+----------+-------------------------------------------
     0 | D:1      | Kurtz the Octopode Fighter began the quest for the Orb.
     0 | D:1      | Reached XP level 1. HP: 16/16 MP: 1/1
    76 | D:1      | Reached XP level 2. HP: 21/21 MP: 2/2
   216 | D:1      | Reached skill level 3 in Axes
   653 | D:1      | Reached XP level 3. HP: 26/26 MP: 3/3
  1140 | D:2      | Reached skill level 4 in Axes
  1278 | D:2      | Reached XP level 4. HP: 31/31 MP: 4/4
  1706 | D:3      | Noticed Terence
  1715 | D:3      | Killed Terence
  1839 | D:3      | Found a stormy altar of Qazlal.
  1839 | D:3      | Noticed a sky beast
  2054 | D:3      | Found Kizeack's Book Shop.
  2116 | D:3      | Found a faded altar of an unknown god.
  2403 | D:4      | Noticed Natasha
  2440 | D:3      | Killed Natasha
  2441 | D:3      | Reached skill level 5 in Axes
  2441 | D:3      | Reached XP level 5. HP: 18/36 MP: 5/5
  2794 | D:4      | Noticed an ogre
  2797 | D:4      | Found a shimmering altar of Xom.
  2803 | D:4      | Killed an ogre
  2804 | D:4      | Reached skill level 6 in Axes
  2804 | D:4      | Reached XP level 6. HP: 42/42 MP: 6/6
  3223 | D:4      | Found a staircase to the Ecumenical Temple.
  3292 | D:5      | Entered Level 5 of the Dungeon
  3346 | D:5      | Reached skill level 7 in Axes
  3482 | D:5      | Noticed verda's ghost (amateur GrBe)
  3530 | D:5      | Found a runed translucent gate.
  3532 | D:5      | Found a runed translucent gate.
  3533 | D:5      | Found a runed translucent gate.
  3577 | D:5      | Reached XP level 7. HP: 18/46 MP: 7/7
  3788 | Temple   | Entered the Ecumenical Temple
  3807 | Temple   | Became a worshipper of Warmaster Okawaru
  4059 | D:4      | Found an opulent altar of Gozag.
  4187 | D:4      | Found Ejafoir's Distillery.
  4234 | D:4      | Bought a potion of curing for 33 gold pieces
  4234 | D:4      | Bought a potion of brilliance for 44 gold pieces
  4464 | D:5      | Reached skill level 8 in Axes
  4766 | D:5      | Reached skill level 1 in Invocations
  4766 | D:5      | Reached XP level 8. HP: 52/52 MP: 8/8
  4952 | D:6      | Reached skill level 9 in Axes
  5086 | D:6      | Found a shadowy altar of Dithmenos.
  5167 | D:6      | Noticed Grinder
  5466 | D:6      | Paralysed by Grinder for 2 turns
  5471 | D:6      | Paralysed by Grinder for 3 turns
  5593 | D:6      | Killed Grinder
  5651 | D:6      | Found Semo's Self-Published Books.
  5728 | D:6      | Reached * piety under Okawaru
  5952 | D:5      | Found Ragnar's Dragon-Slaying Spoils.
  6229 | D:6      | Noticed Edmund
  6235 | D:6      | Killed Edmund
  6315 | D:6      | Reached skill level 10 in Axes
  6394 | D:6      | Reached ** piety under Okawaru
  6395 | D:6      | Reached XP level 9. HP: 46/59 MP: 11/11
  7043 | D:7      | Reached skill level 5 in Fighting
  7137 | D:7      | Slain by a yak

Illustrated notes

Levels and vault maps discovered:
D:1:      lightli_arrival_lavapool, layout_basic
D:2:      minmay_general_purpose_star, layout_basic,
          minmay_misc_feat_secret_circle, minmay_liquid_box, minmay_misc_feat_x
D:3:      minmay_angry_zag, layout_basic, nicolae_qazlal_beasts_of_the_sky,
          serial_shops, shop, dreamdust_ecumenical_altar_hidden_monk_grotto,
          fountainhead, uniq_terence
D:4:      layout_basic, grunt_gozag_statues, xom_confusion_cloud,
          minmay_temple_entry_from_below_b, serial_shops,
          nicolae_shop_industrial_runoff, grunt_ministairs_10,
          kennysheep_generic_room_10, uniq_natasha
D:5:      wander_river, layout_loops_ring, gammafunk_ghost_nasty_kobolds,
          grunt_decor_arrowhead, nicolae_shop_dragon_depot
D:6:      layout_basic, grunt_dithmenos_smoke, nicolae_custom_books,
          uniq_grinder, uniq_edmund
D:7:      layout_basic
Temple:   nicolae_temple_god_jail

Skill      XL: |  1  2  3  4  5  6  7  8  9 |
---------------+----------------------------+-----
Axes           | 3 4 5 6 7 8 10 | 10.9
Invocations    | 1 2 3 |  3.4
Fighting       | 4 5 |  5.5
Dodging        | 4 |  4.6
Shields        | |  3.6

Action                     |  1- 3 |  4- 6 |  7- 9 || total
---------------------------+-------+-------+-------++-------
  Melee: War axe           |    66 |    93 |    95 ||   254
         Tentacles         |    13 |    14 |    36 ||    63
         Constrict         |    18 |    22 |    36 ||    76
         Punch             |       |     4 |     1 ||     5
         Flail             |       |       |    61 ||    61
 Invoke: Heroism           |       |       |     1 ||     1
    Use: Potion            |       |       |     2 ||     2
         Scroll            |       |       |     1 ||     1
   Stab: Sleeping          |     4 |     6 |     4 ||    14
 Armour: Skin              |    23 |    37 |    71 ||   131
  Dodge: Dodged            |    32 |    48 |    63 ||   143
  Block: Buckler           |    26 |    35 |       ||    61
         Orb               |       |     7 |    30 ||    37
         Reflection        |       |     1 |       ||     1

Table legend: (Time is in decaauts)
 A = Elapsed time spent in this place.
 B = Non-inter-level travel time spent in this place.
 C = Inter-level travel time spent in this place.
 D = Time resting spent in this place.
 E = Time spent auto-exploring this place.
 F = Levels seen in this place.
 G = Mean time per level.
                   A        B        C        D        E       F      G
               +--------+--------+--------+--------+--------+-----+--------+
         Total |   7404 |   6916 |    488 |   1656 |   4051 |   8 |  925.5 |
       Dungeon |   7375 |   6897 |    478 |   1656 |   4051 |   7 | 1053.6 |
        Temple |     29 |     19 |     10 |      0 |      0 |   1 |   29.0 |
               +--------+--------+--------+--------+--------+-----+--------+

Top non-repeatable levels by time:
     D:5: 1622 daAuts
     D:4: 1502 daAuts
     D:6: 1414 daAuts
     D:3: 931 daAuts
     D:1: 919 daAuts
     D:2: 750 daAuts
     D:7: 235 daAuts
  Temple: 29 daAuts
